groovejumper, neutral female human Wizard u ------------ r : r d +.<........| r | |.....*u...| |.....`...... #...........| r| ----- |@.........| #&..........| @ ------------ f groovejumper the Thaumaturge Experience level: 7 Strength: 9 Dexterity: 15 Constitution: 15 Intelligence: 18 Wisdom: 10 Charisma: 10 Health: 0(58) Energy: 5(56) AC: 5 Gold: 639 Moves: 3131 Your Inventory: Coins $ - 639 gold pieces Amulets T - an uncursed rectangular amulet [versus poison] Weapons a - a blessed +2 quarterstaff (weapon in hands) Armor b - an uncursed +1 cloak of magic resistance (being worn) o - an [uncursed] +1 leather armor (being worn) Comestibles z - an uncursed fortune cookie J - an uncursed food ration Scrolls i - a blessed scroll of confuse monster n - an uncursed scroll labeled ANDOVA BEGARIN [of remove curse] I - a cursed scroll labeled YUM YUM [of gold detection] K - an uncursed scroll labeled FOOBIE BLETCH [of light] O - an uncursed scroll labeled VE FORBRYDERNE [of genocide] P - an uncursed scroll labeled VERR YED HORRE [of magic mapping] Spellbooks l - a blessed spellbook of force bolt G - an uncursed spellbook of magic missile Potions h - 4 uncursed potions of water u - an uncursed luminescent potion [of restore ability] v - an uncursed sky blue potion [of blindness] w - an uncursed potion of levitation y - an uncursed soapy potion [of see invisible] C - an uncursed potion of oil Q - a potion of unholy water V - an uncursed potion of sleeping Rings d - an uncursed ring of invisibility e - an uncursed ring of see invisible Wands c - an uncursed wand of striking (0:6) N - an uncursed pine wand [of cold (0:5)] Tools L - an uncursed towel Spells known in the end: Name Level Category Fail Memory a - force bolt 1 attack 0% [|||||||.] b - haste self 3 escape 77% [|||||||.] c - fireball 4 attack 62% [||||||||] d - magic missile 2 attack 0% [||||||||] Your skills at the end: Fighting Skills Weapon Skills quarterstaff [Basic / Expert] Spellcasting Skills attack spells [Basic / Expert] enchantment spells [Basic / Skilled] Final Attributes: You were devoutly aligned. Hunger level was 406. Your alignment was 19 / 25. Monster difficulty range was 1 - 6. Level difficulty was 6. You were magic-protected. You were blinded. You were telepathic. Your luck was zero. You are dead. Vanquished creatures: a small mimic a giant beetle a quivering blob a dingo a fog cloud a yellow light 3 floating eyes a kitten 2 dwarves a kobold lord 2 rothes an iguana 8 killer bees 2 acid blobs 4 giant rats 4 cave spiders a brown mold a red mold 3 gnomes 10 Keystone Kops a gnome zombie 2 geckos 2 jackals 4 goblins a sewer rat 2 grid bugs 2 lichens a kobold zombie 3 newts 67 creatures vanquished. Voluntary challenges: You used a wielded weapon 60 times. You read items or engraved 14 times. You put on armor 6 times. You never genocided any monsters. You never polymorphed an object. You never changed form. You used no wishes. You wrote Elbereth's name 2 times. You encountered 1 bones level. You never used any Sokoban shortcuts. Dungeon overview: The Dungeons of Doom: levels 1 to 6 Level 1 a long staircase Level 2 a fountain Level 4 a general store stairs to The Gnomish Mines Level 5 an altar Level 7 <- You were here The Gnomish Mines: Level 5 stairs to The Dungeons of Doom History has recorded: On T:1 you entered the Dungeons of Doom to retrieve the Amulet of Yendor! On T:496 you advanced to experience level 2. On T:516 you reached level 2 of The Dungeons of Doom. On T:692 you advanced to experience level 3. On T:719 you advanced to experience level 4. On T:858 you reached level 3 of The Dungeons of Doom. On T:1255 you reached level 4 of The Dungeons of Doom. On T:1267 you advanced to experience level 5. On T:1347 you reached level 1 of The Gnomish Mines. On T:1567 you advanced to experience level 6. On T:1848 you reached level 5 of The Dungeons of Doom. On T:1913 you advanced to experience level 7. On T:3085 you reached level 6 of The Dungeons of Doom. Latest messages: The magic missile hits the water demon! [HP+1=5] You write "Elbereth" with your fingers into the dust. [HP+1=6] The magic missile hits the water demon! The magic missile hits the water demon! [HP+1=7] The magic missile misses the water demon. [HP+1=8] [HP+1=9] The magic missile misses the water demon. You hear a nearby zap. The bolt of lightning hits you! You die... Final status: Goodbye groovejumper the Wizard... You died in The Dungeons of Doom on dungeon level 6 with 3476 points, and 639 pieces of gold, after 3131 moves. You were level 7 with a maximum of 58 hit points when you died.